 Dungeon Crawl Stone Soup version 0.30.1-3-gfc49f6343a (webtiles) character file.

Game seed: 1696442403279842028

577 BritishOli the Chopper (level 7, -6/53 HPs)
             Began as a Demonspawn Gladiator on July 27, 2023.
             Killed from afar by Dowan (11 damage)
             ... with a shard of ice
             ... on level 5 of the Dungeon.
             The game lasted 00:04:09 (3935 turns).

BritishOli the Chopper (Demonspawn Gladiator)       Turns: 3935, Time: 00:04:09

Health: -6/53      AC:  7    Str: 16    XL:     7   Next: 13%
Magic:  7/7        EV: 13    Int: 10    God:
Gold:   248        SH:  0    Dex: 16    Spells: 6/6 levels left

rFire   + . .        a - +0 war axe
rCold   x . .        (no shield)
rNeg    . . .        D - +2 leather armour "Rofekh" {Dex+2}
rPois   .            c - +0 helmet
rElec   .            (no cloak)
rCorr   .            v - +0 pair of gloves
SInv    .            (no boots)
Will    .....        (no amulet)
Stlth   +            h - ring of fire
HPRegen 0.28/turn    (no ring)
MPRegen 0.10/turn

%: no passive effects
@: no status effects
A: sturdy frame 1, weakness stinger 2
a: no special abilities


You were on level 5 of the Dungeon.
You visited 1 branch of the dungeon, and saw 5 of its levels.

You collected 248 gold pieces.

Inventory:

Hand Weapons
 a - a +0 war axe (weapon)
Missiles
 d - 2 throwing nets (quivered)
 e - a javelin
Armour
 c - a +0 helmet (worn)
 v - a +0 pair of gloves (worn)
 D - the +2 leather armour "Rofekh" (worn) {Dex+2}
   (You found it on level 4 of the Dungeon)

   Dex:       It affects your dexterity (+2).
Jewellery
 h - a ring of fire (left hand)
Wands
 t - a wand of flame (14)
Scrolls
 f - 2 scrolls of fog {unknown}
 i - 3 scrolls of identify {unknown}
 k - a scroll of blinking {unknown}
 n - 5 scrolls of teleportation {unknown}
 q - 2 scrolls of immolation {unknown}
 r - 2 scrolls of magic mapping {unknown}
 s - a scroll of noise {unknown}
 u - a scroll of silence {unknown}
 x - a scroll of acquirement {unknown}
 y - 2 scrolls of enchant weapon {unknown}
 C - a scroll of fear {unknown}
Potions
 b - a potion of ambrosia {unknown}
 g - 2 potions of might {unknown}
 j - 2 potions of attraction {unknown}
 l - 2 potions of invisibility {unknown}
 m - 4 potions of berserk rage {unknown}
 o - a potion of magic {unknown}
 p - 2 potions of degeneration {unknown}
 w - a potion of flight {unknown}
 z - a potion of lignification {unknown}
 A - a potion of resistance {unknown}
 B - a potion of haste {unknown}


   Skills:
 + Level 3.7 Fighting
 * Level 5.0 Axes
 - Level 2.5 Throwing
 + Level 2.6 Armour
 + Level 4.0 Dodging


You had 6 spell levels left.
You didn't know any spells.
Your spell library contained the following spells:

 Spells                   Type           Power      Damage    Failure   Level
 Kiss of Death            Conj/Necr      0%         2d5       36%         1
 Cigotuvi's Dreadful Rot  Necr/Pois/Air  0%         N/A       52%         2
 Scorch                   Fire           0%         2d5       52%         2
 Confusing Touch          Hex            0%         N/A       75%         3
 Ignite Poison            Fire/Tmut/Pois 0%         N/A       75%         3
 Inner Flame              Hex/Fire       0%         N/A       75%         3
 Stone Arrow              Conj/Erth      0%         3d7       75%         3
 Animate Armour           Summ/Erth      0%         N/A       98%         4
 Dispel Undead            Necr           0%         3d6       98%         4
 Freezing Cloud           Conj/Ice/Air   0%         6-21      100%        5
 Silence                  Hex/Air        0%         N/A       100%        5
 Lehudib's Crystal Spear  Conj/Erth      0%         10d2      100%        8
 Fire Storm               Conj/Fire      0%         5d1       100%        9


Dungeon Overview and Level Annotations

Branches:
Dungeon (5/15)
 Temple: D:4-7

Altars:
Fedhas
Hepliaklqana
Kikubaaqudgha
Nemelex Xobeh

Annotations:
D:3 2 transporters
D:5 Dowan


Innate Abilities, Weirdness & Mutations

Your movements are slightly less encumbered by armour. (ER -2)
You have a tail ending in a sharp stinger.


Message History

You barely miss Duvessa.
Duvessa is severely wounded.
You hit Dowan but do no damage. Duvessa hits you with a +0 rapier.
* * * LOW HITPOINT WARNING * * *
Dowan hits you but does no damage.
You hit Duvessa.
Duvessa is severely wounded.
You miss Dowan. Duvessa hits you with a +0 rapier!
* * * LOW HITPOINT WARNING * * *
Dowan closely misses you.
You slash Duvessa! You tail-slap Duvessa.
You kill Duvessa!
Dowan's eyes darken. "You have made a black mistake."
Dowan seems to find hidden reserves of power!
You barely miss Dowan. Dowan closely misses you.
Dowan hits you with a +0 dagger.
* * * LOW HITPOINT WARNING * * *
Your Axes skill increases to level 5!
Your Dodging skill increases to level 4!
You have reached level 7!
Your demonic ancestry asserts itself...
Your tail grows a sharp stinger.
Okay, then.
Throw: 3 throwing nets
Press: ? - help, Q - select action, (/) - cycle Shift-Dir - straight line, f - Dowan
Aim: Dowan, wielding a +0 dagger and wearing a +0 robe (lightly wounded, fast, 51% to hit)
You throw a throwing net. The throwing net hits Dowan.
Dowan is caught in the net!
Dowan is lightly wounded.
Dowan struggles against the net.
You slash Dowan!
Dowan is severely wounded.
Dowan mumbles some strange words.
Dowan blinks!
Dowan gestures wildly while chanting.
Dowan blinks!
You see here a throwing net.
Dowan casts a spell at you. The shard of ice hits you!
You feel a painful chill!
You die...

#..............#...##.#
##.....##.######.##.##.# #
............# #.....#.# .###
.#.....##.#.#######...)#....##
.#.....##.#.##........e.......
.....#.##.#.##.###.###....#.#.
.......##.#.#......e...♣..#
...............###.###.♣.##
.#.#............@..# #.♣ #
.#.#.######.#..###.###.♣.###
.#)#.# #.#..# #..........
.#.<.######>#..# #.###...###
............#..# #.# _.#
##..#########..# #.# ... #..#
#... ..# ### #..# #..# #.#
##..##### ..#


You could see Dowan (fast).

Vanquished Creatures
  Sigmund (D:5)
  Duvessa (D:5)
  2 hounds
  2 jellies (D:4)
  Jessica (D:2)
  Terence (D:2)
  8 adders
  A worm (D:2)
  A dart slug (D:2)
  2 orcs
  5 bats
  8 endoplasms
  3 giant cockroaches
  5 goblins
  2 hobgoblins (D:1)
  3 jackals (D:4)
  4 kobolds
  2 quokkas
  5 ball pythons
  3 frilled lizards (D:3)
  5 rats
65 creatures vanquished.

Notes
Turn   | Place    | Note
-------+----------+-------------------------------------------
     0 | D:1      | BritishOli the Demonspawn Gladiator began the quest for the
                  | Orb.
     0 | D:1      | Reached XP level 1. HP: 16/16 MP: 1/1
    68 | D:1      | Got the Volume of Kindled Vapour
   212 | D:1      | Gained mutation: You have a small tail. [demonic ancestry]
   212 | D:1      | Reached XP level 2. HP: 17/22 MP: 2/2
   649 | D:1      | Found a faded altar of an unknown god.
   934 | D:2      | Reached skill level 3 in Axes
   981 | D:2      | Reached XP level 3. HP: 23/27 MP: 3/3
  1298 | D:2      | Found a hazy altar of Hepliaklqana.
  1340 | D:2      | Noticed Jessica
  1348 | D:2      | Killed Jessica
  1349 | D:2      | Reached skill level 1 in Armour
  1349 | D:2      | Gained mutation: Your movements are slightly less
                  | encumbered by armour. (ER -2) [demonic ancestry]
  1349 | D:2      | Reached XP level 4. HP: 11/34 MP: 4/4
  1766 | D:2      | Noticed Terence
  1770 | D:2      | Killed Terence
  2050 | D:3      | Found a transporter.
  2211 | D:3      | Found a blossoming altar of Fedhas.
  2212 | D:3      | Found an ancient bone altar of Kikubaaqudgha.
  2284 | D:3      | Found a transporter.
  2351 | D:3      | Reached XP level 5. HP: 39/39 MP: 5/5
  2789 | D:4      | Reached skill level 4 in Axes
  3098 | D:4      | Identified the +2 leather armour "Rofekh" {Dex+2}
  3366 | D:4      | Reached XP level 6. HP: 47/47 MP: 6/6
  3511 | D:5      | Entered Level 5 of the Dungeon
  3517 | D:5      | Found a sparkling altar of Nemelex Xobeh.
  3537 | D:5      | Noticed Sigmund
  3774 | D:5      | Killed Sigmund
  3912 | D:5      | Noticed Duvessa
  3914 | D:5      | Noticed Dowan
  3924 | D:5      | Killed Duvessa
  3924 | D:5      | HP: 2/47 [Dowan/+0 dagger (4)]
  3925 | D:5      | Reached skill level 5 in Axes
  3925 | D:5      | Gained mutation: You have a tail ending in a sharp stinger.
                  | [demonic ancestry]
  3925 | D:5      | Reached XP level 7. HP: 2/53 MP: 7/7
  3935 | D:5      | Killed from afar by Dowan

Illustrated notes

Levels and vault maps discovered:
D:1:      lightli_molten_gateway, layout_basic,
          hellmonk_ecumenical_altar_leap_of_faith, minmay_misc_feat_nine_boxes
D:2:      layout_loops_ring, basic_altar, grunt_ministairs_8, uniq_terence,
          uniq_jessica
D:3:      gammafunk_wand_slinger, layout_loops_cross,
          grunt_temple_overflow_growth_and_decay, chequers_mini_garden
D:4:      layout_basic, serial_aquarium, aquarium_bridge_square
          [aquarium_subvault_wall, aquarium_subvault_bridge,
          aquarium_subvault_bridge, aquarium_subvault_bridge],
          aquarium_window_fake, aquarium_window_fake, aquarium_view_2d
D:5:      layout_loops_ring, mainiacjoe_overflow_boulevard, uniq_duvessa,
          uniq_menkaure, uniq_sigmund

Skill      XL: |  1  2  3  4  5  6 |
---------------+-------------------+-----
Throwing       | 2 |  2.5
Axes           | 3 4 5 |  5.0
Dodging        | 3 4 |  4.0
Armour         | 1 2 |  2.6
Fighting       | 3 |  3.7

Action                     |  1- 3 |  4- 6 |  7- 9 || total
---------------------------+-------+-------+-------++-------
  Melee: War axe           |    83 |   139 |     1 ||   223
         Tailslap          |     3 |    18 |       ||    21
         Punch             |       |     2 |       ||     2
  Throw: Throwing net      |       |       |     1 ||     1
   Stab: Sleeping          |     1 |     3 |       ||     4
 Armour: Leather armour    |    37 |    37 |       ||    74
  Dodge: Dodged            |    70 |   108 |       ||   178
